Cogmind - Beta 15 @@@ ROGUE MODE // 2025.05.09 @ 20:31:39 Player: Lord Draconis Result: Destroyed by 8R-AWN with 8R-AWN's Boregun Performance ------------- Evolutions (0) 0 Regions Visited (3) 600 Robots Destroyed (4) 20 Value Destroyed (81) 81 Prototype IDs (0) 0 Alien Tech Used (0) 0 Bonus (-54) -54 TOTAL SCORE: 647 Bonus ------- Friendly Fire -54 Cogmind --------- Core Integrity 0/250 Matter 186/300 Energy 64/100 System Corruption 0% Temperature Cool (0) Movement Core (250) Ox4 Location -10/Exiles Parts ------- > --- POWER (1) -------- (None) > --- PROPULSION (2) --- (None) > --- UTILITY (2) ------ Medium Storage Unit Seismic Detector > --- WEAPON (2) ------- Rocket Launcher > --- INVENTORY (10) --- Light Ion Engine Light Treads Small Storage Unit EM Pulse Gun Assault Rifle Light Assault Rifle Peak State ------------ > --- POWER ------------ Ion Engine > --- PROPULSION ------- Light Treads Compact Wheel > --- UTILITY ---------- Small Storage Unit Seismic Detector > --- WEAPON ----------- Medium Laser Light Assault Rifle > --- INVENTORY -------- Light Ion Engine Light Treads Assault Rifle [Rating: 7] Favorites ----------- Power Ion Engine Engine Ion Engine Propulsion Light Treads Treads Light Treads Wheel Compact Wheel Utility Seismic Detector Device Seismic Detector Storage Medium Storage Unit Weapon Light Assault Rifle Energy Gun Medium Laser Ballistic Gun Light Assault Rifle Launcher Grenade Launcher Build | -11 -10 -10 -10 ------- Run | Yrd Mat Min Exi Slots Evolved . | . . . . Power . | . . . . Propulsion . | . . . . Utility . | . . . . Weapon . | . . . . Parts Attached 12 | 8 1 . 3 Power 2 | 2 . . . Engine 2 | 2 . . . Core . | . . . . Reactor . | . . . . Propulsion 2 | 2 . . . Treads 1 | 1 . . . Leg . | . . . . Wheel 1 | 1 . . . Hover . | . . . . Flight . | . . . . Utility 3 | 2 1 . . Device 1 | 1 . . . Storage 2 | 1 1 . . Processor . | . . . . Hackware . | . . . . Protection . | . . . . Artifact . | . . . . Weapon 5 | 2 . . 3 Energy Gun 1 | 1 . . . Energy Cannon . | . . . . Ballistic Gun 2 | 1 . . 1 Ballistic Cannon . | . . . . Launcher 2 | . . . 2 Special Weapon . | . . . . Impact Weapon . | . . . . Slashing Weapon . | . . . . Piercing Weapon . | . . . . Special Melee Weapon . | . . . . Unidentified Prototypes . | . . . . Parts Lost 5 | . . . 5 Power 1 | . . . 1 Propulsion 2 | . . . 2 Utility . | . . . . Weapon 2 | . . . 2 Highest Loss Streak 5 | . . . 5 To Critical Strikes 2 | . . . 2 Average Backups 5 | 1 5 6 6 Power . | . 1 1 1 Propulsion . | . 1 1 1 Utility . | . . 1 1 Weapon 3 | . 2 3 3 Tool/Special . | . . . . Unused Backups 2 | . . . 2 Power . | . . . . Propulsion 1 | . . . 1 Utility . | . . . . Weapon 1 | . . . 1 Tool/Special . | . . . . Average Slot Usage (%) 98 | . 100 100 97 Engine 14 | . 14 14 14 Treads 13 | . 14 14 12 Wheel 13 | . 14 14 12 Device 14 | . 14 14 14 Storage 14 | . 14 14 14 Energy Gun 13 | . 14 14 13 Ballistic Gun 14 | . 14 14 14 Peak Build Rating 7 | 7 7 7 7 Average Rating 6 | 5 7 7 6 On Entrance 5 | . 7 7 7 Naked Turns . | . . . . Heaviest Build 19 | 14 19 19 19 Greatest Support 20 | 20 16 16 16 Greatest Overweight (x) 1 | . 1 1 1 Average Overweight (x) . | . . 1 1 Largest Inventory Capacity 10 | 8 10 10 10 Average Capacity 9 | 7 9 10 10 Most Carried 7 | 3 6 7 7 Average Carried 5 | 1 5 6 6 Final Capacity 10 | 8 10 10 10 Final Carried 7 | 3 6 7 6 Class Distribution -------------------- 100% | Mutant Dominant Class ---------------- Mutant | -10/Materials Mutant | -10/Mines Mutant | -10/Exiles Resources | -11 -10 -10 -10 ----------- Run | Yrd Mat Min Exi Matter Collected 311 | 242 . 69 . Remotely . | . . . . Salvage Created 208 | 97 92 . 19 Parts 8 | 4 4 . . Haulers Intercepted . | . . . . Recyclers Shooed 1 | 1 . . . Parts Field Recycled . | . . . . Retrieved Matter . | . . . . Parts Self-Destructed . | . . . . Prevented . | . . . . Kills | -11 -10 -10 -10 ------- Run | Yrd Mat Min Exi Combat Hostiles Destroyed 7 | . 2 . 5 Guns 2 | . 2 . . AOE 5 | . . . 5 Classes Destroyed 4 | 2 1 . 1 Tunneler 1 | 1 . . . Recycler 1 | 1 . . . Grunt 2 | . 2 . . Assembled 5 | . . . 5 Best Kill Streak 5 | 2 2 . 5 Combat Bots Only 5 | . 2 . 5 Max Kills in Single Turn 2 | 1 1 . 2 Gunslinging . | . . . . Exploded 2 | . . . 2 Melee . | . . . . Uniques/NPCs Destroyed . | . . . . Combat | -11 -10 -10 -10 -------- Run | Yrd Mat Min Exi Hostile Shots Fired 68 | . 7 8 53 Missed 18 | . 1 5 12 Hits 50 | . 6 3 41 Projectile 50 | . 6 3 41 Critical Strikes 17 | . . . 17 Damage Taken 918 | . 65 51 802 Core 256 | . 22 17 217 Absorbed by Shields . | . . . . Core Remaining (%) 100 | 100 . . . Volleys Fired 36 | 6 9 6 15 Largest 2 | 2 2 2 2 Hottest 70 | 70 70 70 70 Shots Fired 66 | 12 18 12 24 Gun 60 | 12 18 12 18 Cannon . | . . . . Launcher 6 | . . . 6 Special . | . . . . Kinetic 36 | 6 9 6 15 Thermal 24 | 6 9 6 3 Explosive 6 | . . . 6 Electromagnetic . | . . . . Robot Hit Streak 13 | 5 7 4 13 Robot Miss Streak 2 | 1 2 2 1 Penetration Max . | . . . . Secondary Targets . | . . . . Shots Hit Robots 46 | 9 10 8 19 Core Hits 26 | 3 5 2 16 Critical Kills . | . . . . Critical Parts Destroyed . | . . . . Critical Strikes 3 | 1 1 . 1 Burn 3 | 1 1 . 1 Melee Attacks . | . . . . Impact . | . . . . Slashing . | . . . . Piercing . | . . . . Sneak Attacks . | . . . . Combat Hostiles . | . . . . Follow-up Attacks . | . . . . Damage Inflicted 723 | 97 99 95 432 Guns 420 | 97 99 95 129 Cannons . | . . . . Explosions 303 | . . . 303 Melee . | . . . . Ramming . | . . . . Kinetic 252 | 34 49 43 126 Thermal 168 | 63 50 52 3 Explosive 303 | . . . 303 Electromagnetic . | . . . . Impact . | . . . . Slashing . | . . . . Piercing . | . . . . Highest Corruption . | . . . . Average Corruption . | . . . . Corruption Purged . | . . . . Corruption Blocked . | . . . . Overload Shots . | . . . . Overflow Damage 14 | . . . 14 Projectiles . | . . . . Explosions 14 | . . . 14 Melee . | . . . . Knockbacks . | . . . . Impact . | . . . . Kinetic . | . . . . Secondary . | . . . . Self-Inflicted Damage 91 | . . . 91 Shots 2 | . . . 2 Rammed . | . . . . Targets Rammed . | . . . . Kicked . | . . . . Crushed . | . . . . Highest Temperature 127 | 100 104 127 50 Average Temperature 49 | 56 38 71 24 Received Heat Transfer 63 | . 36 27 . Siege Activations . | . . . . Martial Activations . | . . . . Shielding Activations . | . . . . Robots Disrupted . | . . . . Combat Hostiles . | . . . . Robots Corrupted . | . . . . Combat Hostiles . | . . . . Parts Fried . | . . . . Impact Corruptions . | . . . . Robots Melted . | . . . . Combat Hostiles . | . . . . Parts Melted . | . . . . Heat Transferred 683 | 259 222 157 45 Parts Sabotaged . | . . . . Parts Stolen . | . . . . Parts Stripped . | . . . . Power Chain Reactions . | . . . . Alert | -11 -10 -10 -10 ------- Run | Yrd Mat Min Exi Maximum Alert Level . | . . . . Low Security (%) 100 | 100 100 100 . Level 1 . | . . . . Level 2 . | . . . . Level 3 . | . . . . Level 4 . | . . . . Level 5 . | . . . . High Security . | . . . . Max Security . | . . . . Peak Influence 30 | 10 30 30 . Initial 3 | . . 3 . Average 4 | 2 8 . . Influence Increases 80 | 10 40 30 . Destroy 0b10 Robot/C 40 | . 40 . . Destroy 0b10 Robot/NC 10 | 10 . . . Lose Combat Pursuer 30 | . . 30 . Influence Decreases 80 | 10 30 40 . Entered New Map 7 | . . 7 . Time Decay 53 | 10 30 13 . Lost Ally 20 | . . 20 . Squads Dispatched 1 | . 1 . . Investigation . | . . . . Extermination . | . . . . Reinforcement 1 | . 1 . . Assault . | . . . . Garrison . | . . . . Intercept . | . . . . Searches Triggered . | . . . . Construction Impeded . | . . . . Haulers Reinforced . | . . . . Active Scanning Responses . | . . . . Cargo Convoy Interrupts . | . . . . Stealth | -11 -10 -10 -10 --------- Run | Yrd Mat Min Exi Distress Signals 1 | . 1 . . Communications Jammed . | . . . . Distress Signals . | . . . . Times Spotted 16 | . 4 4 8 Peak Tracking Total 9 | . 4 3 9 Tactical Retreats 1 | . . 1 . Traps | -11 -10 -10 -10 ------- Run | Yrd Mat Min Exi Traps Triggered . | . . . . Indirectly . | . . . . Trap Hack Attempts . | . . . . Triggered . | . . . . Disarmed . | . . . . Reprogrammed . | . . . . Reused . | . . . . Traps Extracted . | . . . . Installed . | . . . . Triggered . | . . . . Machines | -11 -10 -10 -10 ---------- Run | Yrd Mat Min Exi Machines Disabled 3 | . . . 3 Max in Single Turn 2 | . . . 2 Machines Repaired . | . . . . Machines Dismantled . | . . . . Machines Sabotaged . | . . . . Overloaded Fab Kills . | . . . . Hacking | -11 -10 -10 -10 --------- Run | Yrd Mat Min Exi Machines Accessed 1 | . 1 . . Terminals 1 | . 1 . . Fabricators . | . . . . Repair Stations . | . . . . Recycling Units . | . . . . Scanalyzers . | . . . . Garrison Access . | . . . . Total Hacks 3 | . 3 . . Successful . | . . . . Failed 3 | . 3 . . Catastrophic . | . . . . Database Lockouts . | . . . . Manual 3 | . 3 . . Terminals 3 | . 3 . . Fabricators . | . . . . Repair Stations . | . . . . Recycling Units . | . . . . Scanalyzers . | . . . . Garrison Access . | . . . . Terminal Hacks . | . . . . Fabricator Hacks . | . . . . Repair Station Hacks . | . . . . Recycling Unit Hacks . | . . . . Scanalyzer . | . . . . Garrison Access Hacks . | . . . . Unauthorized Hacks . | . . . . Terminals . | . . . . Fabricators . | . . . . Repair Stations . | . . . . Recycling Units . | . . . . Scanalyzers . | . . . . Garrison Access . | . . . . Data Cores Recovered . | . . . . Used . | . . . . Hacking Detections 1 | . 1 . . Full Trace Events . | . . . . Feedback Events . | . . . . Feedback Blocked . | . . . . Robot Schematics Acquired . | . . . . Robots Built . | . . . . Authchips . | . . . . Time . | . . . . Total Robot Build Rating . | . . . . Part Schematics Acquired . | . . . . Parts Built . | . . . . Authchips . | . . . . Time . | . . . . Total Part Build Rating . | . . . . Parts Repaired . | . . . . Time . | . . . . Parts Recycled . | . . . . Recycled Matter . | . . . . Retrieved Matter . | . . . . Retrieved Components . | . . . . Parts Scanalyzed . | . . . . Part Schematics Acquired . | . . . . Parts Damaged . | . . . . Bothacking | -11 -10 -10 -10 ------------ Run | Yrd Mat Min Exi Used RIF Installer . | . . . . Robots Hacked . | . . . . Non-combat . | . . . . Combat . | . . . . Robot Hacks Applied . | . . . . Relay Couplers Released . | . . . . Fabnet Peak Effective % . | . . . . Robots Rewired . | . . . . Allies Hacked . | . . . . Hacks Repelled . | . . . . Allies | -11 -10 -10 -10 -------- Run | Yrd Mat Min Exi Total Allies 2 | . . 2 . Largest Group 2 | . . 2 . Highest-Rated Group 45 | . . 45 . Highest-Rated Ally 31 | . . 31 . Total Orders . | . . . . Ally Attacks 3 | . . 3 . Total Damage 62 | . . 62 . Kills . | . . . . Allies Corrupted . | . . . . Allies Melted . | . . . . Intel | -11 -10 -10 -10 ------- Run | Yrd Mat Min Exi Active Infowar (turns) 703 | 13 145 172 373 Seismic 703 | 13 145 172 373 Robot Analysis Total . | . . . . Derelict Logs Recovered . | . . . . Drone Launches . | . . . . Drone Recoveries . | . . . . Exploration | -11 -10 -10 -10 ------------- Run | Yrd Mat Min Exi Turns Passed 758 | 68 145 172 373 Spaces Moved 544 | 36 100 122 286 Core 7 | 7 . . . Treads 4 | 4 . . . Legs . | . . . . Wheels 533 | 25 100 122 286 Hover . | . . . . Flight . | . . . . Fastest Speed 50 | 50 100 115 115 Average Speed 112 | 96 107 115 115 Slowest Speed 160 | 160 115 115 115 Overloaded Moves . | . . . . Propulsion Burnouts . | . . . . Robots Hopped . | . . . . Potential Cave-ins . | . . . . Cave-ins Triggered . | . . . . Exploration Rate (%) 32 | 5 17 40 66 Regions Visited 3 Branch Regions 2 Pre-discovered Areas . | . . . . Known Exits Taken . | . . . . Unknown Exits Taken 3 | 1 1 1 . Scrap Searched . | . . . . Spaces Dug . | . . . . Terrain Destroyed 45 | . . . 45 Melee . | . . . . Projectile . | . . . . AOE 45 | . . . 45 Terrain Rammed . | . . . . Walls Destroyed . | . . . . Machines Disabled . | . . . . Actions | -11 -10 -10 -10 --------- Run | Yrd Mat Min Exi Total 624 | 54 121 143 306 Wait 28 | 3 10 15 . Move 541 | 35 99 121 286 Hop . | . . . . Pick Up 5 | 2 2 1 . Fast Attach 7 | 7 . . . Attach 1 | . . . 1 Detach . | . . . . Swap 6 | 1 1 . 4 Drop . | . . . . Fire 36 | 6 9 6 15 Melee . | . . . . Ram . | . . . . Kick . | . . . . Crush . | . . . . Escape Stasis . | . . . . Rewire . | . . . . Trap . | . . . . Miscellaneous . | . . . . Route ------- -11/Scrapyard -10/Materials -10/Mines -10/Exiles History --------- Turn | Location | Event 11 | -11/Scrapyard | Discovered new exit (range 15) 69 | -11/Scrapyard | Entered Materials 82 | -10/Materials | Discovered new exit (range 16) 190 | -10/Materials | Met 8R-AWN 214 | -10/Materials | Entered Mines 216 | -10/Mines | Followed 8R-AWN into the Mines 313 | -10/Mines | Build established: Mutant 359 | -10/Mines | Received a Rocket Launcher from a helpful Derelict 382 | -10/Mines | Discovered new exit (range 5) 386 | -10/Mines | Entered Exiles 418 | -10/Exiles | Welcomed by 8R-AWN 435 | -10/Exiles | Met EX-HEX 477 | -10/Exiles | Met EX-DEC 520 | -10/Exiles | Visited The Gauntlet 669 | -10/Exiles | Met EX-BIN 716 | -10/Exiles | Attacked by the Exiles 747 | -10/Exiles | Core integrity fell below 50% 759 | -10/Exiles | Core integrity fell below 20% 759 | -10/Exiles | Destroyed by 8R-AWN with 8R-AWN's Boregun Last Messages --------------- Penetrated by HV Slug. HV Slug penetrates Earth. Penetrated by HV Slug. HV Slug penetrates Earth. Penetrated by HV Slug. HV Slug penetrates Earth. HV Slug penetrates Wall. Penetrated by HV Slug. HV Slug penetrates Earth. Penetrated by HV Slug. HV Slug penetrates Earth. Penetrated by HV Slug. The unstable cave ceiling collapses. Penetrated by HV Slug. Ion Engine destroyed. Penetrated by HV Slug. Grenade Launcher destroyed. Penetrated by HV Slug. Machine disabled. Penetrated by HV Slug. Map ----- +----------------------------------------------------+ | ?????????????????????????????????????????????????? | | ?????????????????????????????????????????????????? | | ?????????????????????????????????????????????????? | | ?????????????????????????????????????????????????? | | ?????????????????????????????????????????????????? | | ?????????????????????????????????????????????????? | | ?????????????????????????????????????????????????? | | ?????????????????????????????????????????????????? | | ?????????????????????????????????????????????????? | | ?????????????????????????????????????????????????? | | ?????????????????????????????????????????????????? | | ?????????????????????????????????????????????????? | | ?????????????????????????????????????????????????? | | ?????????????????????????????????????????????????? | | ?????????????????????????????????????????????????? | | ?????????????????????????????????????????????????? | | ?????????????????????????????????????????????????? | | ##########???????????????????????????????????????? | | """""""""##??????????????????????????????????????? | | " """ """"##?????????????????????????????????# ? | | "" " #?????????########???????????????# # | | " """#?????????# ##?????????????# | | " "#?????????# #?????????????# | | " "##????????# #????????????## | | ""###??????## g #???????????## #? | | """#??????# @ #???????????# #? | | "#???# #????????### #?? | | ##?# ########## #?? | | #""""## #??? | | * ##?? | | ; * #?? | | #;# ##? | | % ""##;"""""#### ## | | "###;######??#### * | | ##?? ???????????##### | | ####????? ???????????????### | | " ##???????? ?????????????????### | | """ ""#????????? ???????????????????### | | ""#" "##????????? ????????????????????#" | | """##"""""""##?????????? ????????????????????#### | | """??#########??????????? ???????????????????????# | | #????????????????????????????????????????????????# | | ?????????????????????????????????????????????????? | | ?????????????????????????????????????????????????? | | ?????????????????????????????????????????????????? | | ?????????????????????????????????????????????????? | | ?????????????????????????????????????????????????? | | ?????????????????????????????????????????????????? | | ?????????????????????????????????????????????????? | | ?????????????????????????????????????????????????? | +----------------------------------------------------+ Best States ------------- Heat Dissipation 25 Energy Generation 10 Energy Capacity 250 Matter Stores 300 Matter Capacity 300 Sight Range 16 Terrain Scan Density 10 Evasion (%) 40 Recoil Reduction 1 Item Schematics ----------------- None Robot Schematics ------------------ None Fabricated ------------ Nothing Repaired ---------- Nothing Alien Tech Used ----------------- None Achievements -------------- None Challenges ------------ None Game ------ Seed TerrabombTargetingMachine Manual? 0 Play Time 00:06:44 Cumulative 97.5 hours Start 2025.05.09 @ 20:26:30 End 2025.05.09 @ 20:31:39 Sessions 1 Manual Loads 0 Difficulty Rogue Special Mode None Game No. 69 Rogue 69 Adventurer 0 Explorer 0 Win Type - Total 4 Types 4/0/0/0/0/0/0/0/0/0 Lore% 30 Gallery% 40 Achievement% 40 Wizard Run 0 Options --------- Layout 0 ASCII 0 Keyboard 0 Movement Mouse Keybinds 0 Fullscreen 2 Font 18/SmallcapsGlow Map View 76x50 Zoom Use 0% Tactical HUD 0 Map Filters NONE Filters NONE Steam 1 RUN: cfab6d0a-359e-4a33-b05b-7f411d4bbcc1